 Dungeon Crawl Stone Soup version 0.31-a0-521-gc7390f8997 (webtiles) character file.

Game seed: 1027305408657123444

440 freelancePsychic the Ruffian (level 7, 0/48 HPs)
             Began as a Hill Orc Shapeshifter on Aug 10, 2023.
             Slain by a jelly (2 damage)
             ... on level 4 of the Dungeon.
             The game lasted 00:08:24 (3119 turns).

freelancePsychic the Ruffian (HOSh)                 Turns: 3119, Time: 00:08:24

Health: 0/48       AC: -12   Str: 18    XL:     7   Next: 2%
Magic:  7/7        EV: 11    Int:  8    God:
Gold:   196        SH:  0    Dex: 13    Spells: 6/6 levels left

rFire   + .          .
                       - Unarmed
rCold   . . .        (shield currently unavailable)
rNeg    . . .        e - +0 leather armour
rPois   .            s - +0 helmet
rElec   .            (no cloak)
rCorr   .            (no gloves)
SInv    .            (no boots)
Will    .....        (no amulet)
Stlth   +            m - ring of protection from fire
HPRegen 0.28/turn    (no ring)
MPRegen 0.10/turn

%: no passive effects
@: mighty, flux-form, corroded, glowing
A: glow, contaminating, reduced hp
a: Begin Untransformation


You were on level 4 of the Dungeon.
You were something dangerously unstable.
You visited 1 branch of the dungeon, and saw 4 of its levels.

You collected 196 gold pieces.

Inventory:

Missiles
 l - a throwing net (quivered)
Armour
 a - a +0 animal skin
 e - a +0 leather armour (worn)
 s - a +0 helmet (worn)
Jewellery
 j - a ring of ice
 m - a ring of protection from fire (left hand)
 r - an amulet of magic regeneration
 u - an amulet of faith
Talismans
 c - a beast talisman
 d - a flux talisman (active)
Scrolls
 f - 2 scrolls of teleportation {unknown}
 g - 4 scrolls of revelation {unknown}
 h - 2 scrolls of immolation
 q - 2 scrolls of identify {unknown}
 t - a scroll of silence {unknown}
Potions
 b - a potion of invisibility {unknown}
 i - a potion of degeneration {unknown}
 k - a potion of might
 n - a potion of brilliance {unknown}
 o - a potion of cancellation {unknown}
 p - a potion of ambrosia {unknown}


   Skills:
 + Level 4.9 Fighting
 - Level 1.5 Dodging
 + Level 5.5 Unarmed Combat
 + Level 4.0 Shapeshifting


You had 6 spell levels left.
You didn't know any spells.
Your spell library contained the following spells:

 Spells                   Type           Power      Damage    Failure   Level
 Vhi's Electric Charge    Tloc/Air       0%         N/A       83%         3
 Arcjolt                  Conj/Air       0%         1d10      100%        5
 Plasma Beam              Fire/Air       0%         2x1d10    100%        6


Dungeon Overview and Level Annotations

Branches:
Dungeon (4/15)
 Temple: D:4-7

Altars:

Annotations:
D:2 Sigmund
D:3 Ijyb
D:4 1 runed translucent door, LeprechaunX's ghost, amateur OpSh


Message History

There is an open door here.
You now have 196 gold pieces (gained 17).
There is an open door here.
A jelly comes into view.
The jelly moves out of view. 2 jellies come into view.
The jelly quivers.
There are monsters nearby!
The jelly jiggles.
You hit the jelly.
The jelly begins to glow.
Your hands burn!
The jelly is heavily wounded.
The jelly closely misses you.
You hit the jelly.
The jelly glows dangerously bright.
The acid corrodes you!
Your hands burn!
The jelly is severely wounded.
You hit the jelly.
The jelly shudders as magic cascades through it!!
You kill the jelly!
The jelly hits you. The acid corrodes you!
You are splashed with acid!
You have reached level 7!
You hit the jelly but do no damage.
The jelly begins to glow.
The acid corrodes you!
Your hands burn!
The jelly hits you. The acid corrodes you!
You are splashed with acid.
You hit the jelly but do no damage.
The jelly glows dangerously bright.
Your hands burn!
The jelly hits you. The acid corrodes you!
You are splashed with acid!
* * * LOW HITPOINT WARNING * * *
Okay, then.
Okay, then.
Okay, then.
You hit the jelly but do no damage.
The jelly shudders as magic cascades through it.
The jelly twists and deforms.
Your hands burn!
* * * LOW HITPOINT WARNING * * *
The jelly is lightly wounded.
The jelly barely misses you.
It was a potion of might.
You feel very mighty all of a sudden. The jelly hits you.
You die...

#.........##...##.....
######.........#......
#.............#..
#...........####.
#..#...##........ ###
#.........##..... #...
##...#....##.....
#....##................
#.....B......#..#.....⌠
#....J...............~~
#.................##..~~
#....#..$..###.....#..~~
##########.......###..~~
.......#.......
..♣...##.#.....
...............
...P...........


You could see a jelly (misshapen).

Vanquished Creatures
  A scorpion (D:4)
  A hound (D:4)
  A jelly (D:4)
  2 iguanas
  Natasha (twice) (D:3)
  2 orc wizards (D:4)
  5 adders
  2 gnolls
  2 ufetubi (D:4)
  6 worms
  3 dart slugs
  10 orcs
  7 ball pythons
  3 bats
  4 endoplasms
  5 giant cockroaches
  4 goblins
  7 hobgoblins
  3 jackals (D:1)
  A quokka (D:2)
  2 frilled lizards
  6 kobolds
  4 rats
83 creatures vanquished.

Notes
Turn   | Place    | Note
-------+----------+-------------------------------------------
     0 | D:1      | freelancePsychic the Hill Orc Shapeshifter began the quest
                  | for the Orb.
     0 | D:1      | Reached XP level 1. HP: 16/16 MP: 1/1
   254 | D:1      | Reached XP level 2. HP: 24/24 MP: 2/2
   381 | D:1      | Found a faded altar of an unknown god.
   720 | D:1      | Reached XP level 3. HP: 25/29 MP: 3/3
   892 | D:2      | Reached skill level 4 in Unarmed Combat
  1072 | D:2      | Reached XP level 4. HP: 31/37 MP: 4/4
  1266 | D:2      | Noticed Sigmund
  1350 | D:3      | Noticed Ijyb
  1726 | D:3      | Reached XP level 5. HP: 32/45 MP: 5/5
  1936 | D:3      | Noticed Natasha
  1946 | D:3      | Killed Natasha
  2195 | D:4      | Reached XP level 6. HP: 41/52 MP: 6/6
  2275 | D:4      | Reached skill level 5 in Unarmed Combat
  2567 | D:4      | Found a runed translucent door.
  2571 | D:4      | Noticed LeprechaunX's ghost (amateur OpSh)
  2808 | D:3      | Noticed Natasha
  2818 | D:3      | Killed Natasha
  3116 | D:4      | Reached XP level 7. HP: 31/60 MP: 7/7
  3118 | D:4      | HP: 2/48 [acid (4)]
  3119 | D:4      | Slain by a jelly

Illustrated notes

Levels and vault maps discovered:
D:1:      dpeg_arrival_court, layout_loops_ring,
          chequers_ecumenical_altar_simple, dreamdust_mushroom_princess,
          minivault_23
D:2:      layout_basic, uniq_sigmund
D:3:      layout_basic, minmay_surrounded, uniq_natasha, uniq_ijyb
D:4:      layout_cave_pools, ebering_ghost_sewer_d, serial_park,
          serial_park_square3 [serial_park_minivault_5x5_6],
          serial_park_tiny_pond, serial_park_square1
          [serial_park_minivault_5x5_3], serial_park_gazebo
          [serial_park_minivault_5x5_1], serial_park_tiny_2

Skill      XL: |  1  2  3  4  5  6 |
---------------+-------------------+-----
Fighting       | 2 3 4 |  4.9
Shapeshifting  | 3 4 |  4.0
Unarmed Combat | 4 5 |  5.5
Dodging        | |  1.5

Action                     |  1- 3 |  4- 6 |  7- 9 || total
---------------------------+-------+-------+-------++-------
  Melee: Unarmed           |    77 |   227 |     3 ||   307
         Punch             |       |     7 |       ||     7
    Use: Scroll            |       |     2 |       ||     2
         Potion            |       |     1 |     1 ||     2
   Stab: Sleeping          |     1 |     1 |       ||     2
 Armour: Leather armour    |    15 |    26 |       ||    41
         Skin              |       |    37 |       ||    37
  Dodge: Dodged            |    45 |    95 |     1 ||   141
   Form: Flux              |       |     1 |       ||     1

Table legend: (Time is in decaauts)
 A = Elapsed time spent in this place.
 B = Non-inter-level travel time spent in this place.
 C = Inter-level travel time spent in this place.
 D = Time resting spent in this place.
 E = Time spent auto-exploring this place.
 F = Levels seen in this place.
 G = Mean time per level.
                   A        B        C        D        E       F      G
               +--------+--------+--------+--------+--------+-----+--------+
         Total |   3097 |   3019 |     78 |     24 |   2262 |   4 |  774.2 |
       Dungeon |   3097 |   3019 |     78 |     24 |   2262 |   4 |  774.2 |
               +--------+--------+--------+--------+--------+-----+--------+

Top non-repeatable levels by time:
     D:1: 868 daAuts
     D:3: 853 daAuts
     D:4: 846 daAuts
     D:2: 530 daAuts
